WCHLSIM.com - West Coast Hockey League
html PUBLIC "-//W3C//DTD XHTML 1.0 Transitional//EN" "http://www.w3.org/TR/xhtml1/DTD/xhtml1-transitional.dtd"> WCHL - Game 175 - LAS VEGAS LIZARD KINGS vs PORTLAND PIRATES

LAS VEGAS LIZARD KINGS vs PORTLAND PIRATES

Created - 7 décembre 2020 at 21:23

Goals
1 2 3 T
LAS VEGAS LIZARD KINGS 1 0 0 1
PORTLAND PIRATES 2 1 2 5
Shots
1 2 3 T
LAS VEGAS LIZARD KINGS 17 1 10 28
PORTLAND PIRATES 18 14 9 41

1st period

1. PORTLAND PIRATES , Brett Connolly 1 (Yanni Gourde 1, Chandler Stephenson 1) at 1:43
2. LAS VEGAS LIZARD KINGS , Derek Ryan 1 (Barclay Goodrow 3, Bobby Ryan 1) at 9:03
3. PORTLAND PIRATES , Travis Konecny 5 (Gabriel Landeskog 6, Jonathan Toews 5) at 19:13 (PP)

Penalties :
Rasmus Ristolainen (POR) for Hooking (Minor) at 15:21, Barclay Goodrow (LVG) for Interference (Minor) at 18:35, Mirco Mueller (LVG) for Cross-checking (Minor) at 19:33

2nd period

4. PORTLAND PIRATES , Chandler Stephenson 1 (Brett Connolly 2, Thomas Chabot 4) at 2:28

Penalties :
Bobby Ryan (LVG) for Holding (Minor) at 4:29, Rasmus Ristolainen (POR) for High sticking (Minor) at 12:13

3rd period

5. PORTLAND PIRATES , Gabriel Landeskog 2 (Jonathan Toews 6, Travis Konecny 4) at 1:11 (PP)
6. PORTLAND PIRATES , Travis Konecny 6 (Jonathan Toews 7, Travis Hamonic 2) at 11:04

Penalties :
Bobby Ryan (LVG) for Holding (Minor) at 0:57, Rasmus Ristolainen (POR) for Slashing (Minor) at 3:00, Pavel Zacha (POR) for Tripping (Minor) at 8:17

Goalie Stats

Alex Stalock (LVG), 36 saves from 41 shots - (0,878), L, 1-2-0, 60:00 minutes
Ben Bishop (POR), 27 saves from 28 shots - (0,964), W, 3-2-0, 60:00 minutes

Players Stats for LAS VEGAS LIZARD KINGS

Player Name              G  A  P  +/- PIM S  H  SB GA TA FO     MP     PP MP  PK MP  
------------------------------------------------------------------------------------
Barclay Goodrow          0  1  1  -1  2   6  0  2  0  0  2/9    14:40   0:00   2:57 
Bobby Ryan               0  1  1  -1  4   3  2  1  0  0  0/1    12:06   0:00   0:24 
Brayden McNabb           0  0  0  -1  0   0  3  3  0  0  0/0    20:54   0:00   3:02 
Brent Burns              0  0  0  -2  0   4  2  2  0  0  0/0    25:15   4:22   1:34 
Derek Ryan               1  0  1  -1  0   3  0  0  0  0  12/20  12:38   0:00   0:54 
Drake Caggiula           0  0  0   0  0   0  0  0  0  0  0/1     6:39   0:00   3:14 
Evan Rodrigues           0  0  0   0  0   0  0  0  0  0  1/4     3:25   0:00   0:00 
Jeff Skinner             0  0  0  -1  0   2  2  0  0  0  0/2    15:19   3:47   0:00 
John Marino              0  0  0  -1  0   0  0  2  0  0  0/0    23:46   3:34   2:47 
Johnny Gaudreau          0  0  0   0  0   0  0  0  0  0  0/1    24:42   4:09   0:00 
Matt Niskanen            0  0  0  -2  0   0  1  2  0  0  0/0    24:48   4:22   1:34 
Matt Roy                 0  0  0   1  0   0  2  0  0  0  0/0    14:04   3:34   0:00 
Mirco Mueller            0  0  0   1  2   1  1  1  0  0  0/0    11:12   0:00   0:43 
Nino Niederreiter        0  0  0  -1  0   2  1  0  0  0  0/0    15:31   3:47   0:12 
Ryan Nugent-Hopkins      0  0  0   0  0   2  0  1  0  0  17/33  24:42   4:09   0:00 
Sean Monahan             0  0  0  -1  0   3  1  0  0  0  12/22  15:24   3:47   0:05 
Victor Olofsson          0  0  0   0  0   2  0  0  0  0  0/2    24:42   4:09   0:00 
Zemgus Girgensons        0  0  0   0  0   0  0  0  0  0  2/3     5:19   0:00   1:54 

Players Stats for PORTLAND PIRATES

Player Name              G  A  P  +/- PIM S  H  SB GA TA FO     MP     PP MP  PK MP  
------------------------------------------------------------------------------------
Adam Erne                0  0  0  -1  0   0  1  0  0  0  0/1     6:21   0:00   2:23 
Alec Martinez            0  0  0   0  0   0  3  1  0  0  0/0    21:32   1:36   3:26 
Brett Connolly           1  1  2   2  0   5  2  0  0  0  0/0    15:25   1:36   0:00 
Brett Pesce              0  0  0   0  0   1  0  0  0  0  0/0    19:39   0:00   3:39 
Brian Dumoulin           0  0  0   2  0   0  1  1  0  0  0/0    14:07   0:00   0:51 
Chandler Stephenson      1  1  2   2  0   4  1  0  0  0  3/3    16:07   0:00   2:18 
Gabriel Landeskog        1  1  2   1  0   5  3  0  0  0  1/2    17:46   3:05   0:00 
Jason Dickinson          0  0  0  -1  0   2  0  0  0  0  4/10    9:11   0:00   5:13 
Jonathan Toews           0  3  3   1  0   2  1  0  0  0  17/24  17:52   3:05   0:06 
Pavel Zacha              0  0  0   0  2   4  2  0  0  0  11/25  16:30   1:45   0:00 
Rasmus Ristolainen       0  0  0   0  6   2  5  1  0  0  0/0    20:39   3:14   0:00 
Rickard Rakell           0  0  0   0  0   3  1  0  0  0  0/2    21:00   1:45   4:29 
Robert Thomas            0  0  0   0  0   4  0  0  0  0  1/1    16:31   1:45   0:00 
Ryan Donato              0  0  0  -1  0   0  0  0  0  0  0/1     3:58   0:00   0:00 
Thomas Chabot            0  1  1   2  0   1  1  1  0  0  0/0    22:15   3:14   4:17 
Travis Hamonic           0  1  1   0  0   0  0  0  0  0  0/0    20:09   0:00   3:39 
Travis Konecny           2  1  3   1  0   5  0  0  0  0  2/4    19:09   3:05   1:23 
Yanni Gourde             0  1  1   2  0   3  1  0  0  0  13/25  13:49   0:00   0:00 

3 Stars

1 - Travis Konecny (POR)
2 - Brett Connolly (POR)
3 - Chandler Stephenson (POR)

Power Play

LAS VEGAS LIZARD KINGS - 0 on 4 Attempt(s) - 0,00%
PORTLAND PIRATES - 2 on 4 Attempt(s) - 50,00%

Penalty Kill

LAS VEGAS LIZARD KINGS - 2 on 4 Attempt(s) - 50,00% - Score 0 goal in Penalty Kill
PORTLAND PIRATES - 4 on 4 Attempt(s) - 100,00% - Score 0 goal in Penalty Kill

Team Stat

LAS VEGAS LIZARD KINGS - Hits : 15 - Faceoff Wins : 46 - Blocked Shots : 14 - Penalty Minutes : 8
PORTLAND PIRATES - Hits : 22 - Faceoff Wins : 52 - Blocked Shots : 4 - Penalty Minutes : 8

Official

Referees : Furman South and Robert Hennessey
Linesman : Libor Suchanek and Julien Fournier

Game Notes

No Game Note

Finance

Level 1 -- Attendance: 8000 (100,00%) -- Ticket Income 984 000 $
Level 2 -- Attendance: 6000 (100,00%) -- Ticket Income 552 000 $
Level 3 -- Attendance: 3000 (100,00%) -- Ticket Income 195 000 $
Level 4 -- Attendance: 4000 (100,00%) -- Ticket Income 208 000 $
Luxury Box -- Attendance: 1000 (100,00%) -- Ticket Income 258 000 $
Total Attendance: 22000 (100,00%)
Total Ticket Income: 2 197 000 $
Other Income: 768 950 $
Total Income: 2 965 950 $

LAS VEGAS LIZARD KINGS

5 vs 5 Forward 
   Center                   Left Wing                Right Wing               Time % Phy DF OF 
 1 Ryan Nugent-Hopkins      Johnny Gaudreau          Victor Olofsson          45     0   1  4  
 2 Sean Monahan             Jeff Skinner             Nino Niederreiter        25     0   2  3  
 3 Derek Ryan               Barclay Goodrow          Bobby Ryan               25     0   3  2  
 4 Evan Rodrigues           Zemgus Girgensons        Drake Caggiula           5      0   3  2  

5 vs 5 Defense 
   Defense                  Defense                                           Time % Phy DF OF 
 1 Brent Burns              Brayden McNabb                                    43     0   1  4  
 2 Matt Niskanen            John Marino                                       42     0   1  4  
 3 Matt Roy                 Mirco Mueller                                     15     0   3  2  
 4 Brent Burns              Matt Niskanen                                     0      1   2  2  

PowerPlay Forward 
   Center                   Left Wing                Right Wing               Time % Phy DF OF 
 1 Ryan Nugent-Hopkins      Johnny Gaudreau          Victor Olofsson          75     0   0  5  
 2 Sean Monahan             Jeff Skinner             Nino Niederreiter        25     0   1  4  

PowerPlay Defense
   Defense                  Defense                                           Time % Phy DF OF 
 1 Brent Burns              Matt Niskanen                                     65     0   1  4  
 2 Matt Roy                 John Marino                                       35     0   1  4  

Penalty Kill 4 Players Forward 
   Center                   Wing                     Time % Phy DF OF 
 1 Barclay Goodrow          Drake Caggiula           65     0   5  0  
 2 Derek Ryan               Bobby Ryan               35     0   5  0  

Penalty Kill 4 Players Defense
   Defense                  Defense                  Time % Phy DF OF 
 1 Brayden McNabb           John Marino              70     0   5  0  
 2 Brent Burns              Matt Niskanen            30     0   5  0  

Penalty Kill - 3 Players Forward 
   Forward                                           Time % Phy DF OF 
 1 Barclay Goodrow                                   55     0   5  0  
 2 Ryan Nugent-Hopkins                               45     0   5  0  

Penalty Kill - 3 Players Defense
   Defense                  Defense                  Time % Phy DF OF 
 1 Matt Roy                 Mirco Mueller            55     0   5  0  
 2 Brayden McNabb           John Marino              45     0   4  0  

4 vs 4 Forward 
   Center                   Wing                     Time % Phy DF OF 
 1 Ryan Nugent-Hopkins      Johnny Gaudreau          60     0   2  3  
 2 Sean Monahan             Barclay Goodrow          40     0   3  2  

4 vs 4 Defense
   Defense                  Defense                  Time % Phy DF OF 
 1 Brent Burns              Matt Niskanen            55     1   2  2  
 2 Brayden McNabb           John Marino              45     1   2  2  

Last Minutes Offensive
   Center                   Left Wing                Right Wing               Defense                  Defense                  
   Ryan Nugent-Hopkins      Johnny Gaudreau          Victor Olofsson          Brent Burns              Matt Niskanen            

Last Minutes Defensive
   Center                   Left Wing                Right Wing               Defense                  Defense                  
   Ryan Nugent-Hopkins      Drake Caggiula           Barclay Goodrow          Brent Burns              Matt Niskanen            

Goaltenders
Starting : Alex Stalock             
Backup : Marc-Andre Fleury        

Extra Forwards
Normal : Barclay Goodrow, Bobby Ryan, Zemgus Girgensons - PP : Jeff Skinner, Bobby Ryan - PK : Zemgus Girgensons
Extra Defensemen
Normal : Matt Roy, Mirco Mueller, Brayden McNabb - PP : Matt Roy - PK : Mirco Mueller, Brayden McNabb
Penalty Shots
Ryan Nugent-Hopkins, Sean Monahan, Johnny Gaudreau, Victor Olofsson, Jeff Skinner
Custom OT Lines Forwards
Ryan Nugent-Hopkins, Sean Monahan, Johnny Gaudreau, Barclay Goodrow, Victor Olofsson, Nino Niederreiter, Jeff Skinner, Bobby Ryan, Zemgus Girgensons, Drake Caggiula
Custom OT Lines Defensemen
Brent Burns, Matt Niskanen, Brayden McNabb, John Marino, Matt Roy

Scratches
None

PORTLAND PIRATES

5 vs 5 Forward 
   Center                   Left Wing                Right Wing               Time % Phy DF OF 
 1 Jonathan Toews           Gabriel Landeskog        Travis Konecny           32     0   1  4  
 2 Pavel Zacha              Rickard Rakell           Robert Thomas            31     0   2  3  
 3 Yanni Gourde             Chandler Stephenson      Brett Connolly           30     0   2  3  
 4 Jason Dickinson          Ryan Donato              Adam Erne                7      1   2  2  

5 vs 5 Defense 
   Defense                  Defense                                           Time % Phy DF OF 
 1 Brett Pesce              Rasmus Ristolainen                                33     0   4  1  
 2 Travis Hamonic           Alec Martinez                                     33     0   4  1  
 3 Thomas Chabot            Brian Dumoulin                                    28     0   4  1  
 4 Thomas Chabot            Rasmus Ristolainen                                6      0   3  2  

PowerPlay Forward 
   Center                   Left Wing                Right Wing               Time % Phy DF OF 
 1 Jonathan Toews           Gabriel Landeskog        Travis Konecny           60     0   1  4  
 2 Pavel Zacha              Rickard Rakell           Robert Thomas            40     0   1  4  

PowerPlay Defense
   Defense                  Defense                                           Time % Phy DF OF 
 1 Thomas Chabot            Rasmus Ristolainen                                60     0   1  4  
 2 Alec Martinez            Brett Connolly                                    40     0   1  4  

Penalty Kill 4 Players Forward 
   Center                   Wing                     Time % Phy DF OF 
 1 Jason Dickinson          Rickard Rakell           60     0   5  0  
 2 Chandler Stephenson      Adam Erne                40     0   5  0  

Penalty Kill 4 Players Defense
   Defense                  Defense                  Time % Phy DF OF 
 1 Brett Pesce              Travis Hamonic           60     0   5  0  
 2 Alec Martinez            Thomas Chabot            40     0   5  0  

Penalty Kill - 3 Players Forward 
   Forward                                           Time % Phy DF OF 
 1 Jason Dickinson                                   60     0   5  0  
 2 Chandler Stephenson                               40     0   5  0  

Penalty Kill - 3 Players Defense
   Defense                  Defense                  Time % Phy DF OF 
 1 Brett Pesce              Travis Hamonic           60     0   5  0  
 2 Rasmus Ristolainen       Thomas Chabot            40     0   5  0  

4 vs 4 Forward 
   Center                   Wing                     Time % Phy DF OF 
 1 Jonathan Toews           Gabriel Landeskog        60     0   2  3  
 2 Pavel Zacha              Travis Konecny           40     0   2  3  

4 vs 4 Defense
   Defense                  Defense                  Time % Phy DF OF 
 1 Thomas Chabot            Rasmus Ristolainen       60     0   2  3  
 2 Alec Martinez            Brett Pesce              40     0   3  2  

Last Minutes Offensive
   Center                   Left Wing                Right Wing               Defense                  Defense                  
   Jonathan Toews           Gabriel Landeskog        Travis Konecny           Thomas Chabot            Rasmus Ristolainen       

Last Minutes Defensive
   Center                   Left Wing                Right Wing               Defense                  Defense                  
   Jason Dickinson          Chandler Stephenson      Rickard Rakell           Brett Pesce              Travis Hamonic           

Goaltenders
Starting : Ben Bishop               
Backup : Chris Driedger           

Extra Forwards
Normal : Brett Connolly, Ryan Donato, Adam Erne - PP : Brett Connolly, Yanni Gourde - PK : Travis Konecny
Extra Defensemen
Normal : Thomas Chabot, Alec Martinez, Brian Dumoulin - PP : Brian Dumoulin - PK : Brian Dumoulin, Thomas Chabot
Penalty Shots
Jonathan Toews, Travis Konecny, Gabriel Landeskog, Rickard Rakell, Robert Thomas
Custom OT Lines Forwards
Jonathan Toews, Gabriel Landeskog, Travis Konecny, Rickard Rakell, Pavel Zacha, Yanni Gourde, Brett Connolly, Chandler Stephenson, Robert Thomas, Ryan Donato
Custom OT Lines Defensemen
Thomas Chabot, Rasmus Ristolainen, Brett Pesce, Alec Martinez, Travis Hamonic

Scratches
None


% Time on Ice - LAS VEGAS LIZARD KINGS

Lines # - Real PCT - Wanted PCT - Time Play
Normal Forward
1 - 44% - 45% - 20:33
2 - 24% - 25% - 11:32
3 - 25% - 25% - 11:44
4 - 7% - 5% - 3:25
Normal Defense
1 - 38% - 43% - 17:52
2 - 37% - 42% - 17:25
3 - 22% - 15% - 10:30
4 - 3% - 0% - 1:27
PP Forward
1 - 52% - 75% - 4:09
2 - 48% - 25% - 3:47
PP Defense
1 - 55% - 65% - 4:22
2 - 45% - 35% - 3:34
PK Forward
1 - 81% - 65% - 3:56
2 - 19% - 35% - 0:54
PK Defense
1 - 68% - 70% - 3:16
2 - 32% - 30% - 1:34
PK3 Forward
1 - 0% - 55%
2 - 0% - 45%
PK3 Defense
1 - 0% - 55%
2 - 0% - 45%
44 Forward
1 - 0% - 60%
2 - 0% - 40%
44 Defense
1 - 0% - 55%
2 - 0% - 45%
Last Minute Offensive  - 0:00
Last Minute Defensive  - 0:00
Total
Forward - 60:00
Defense - 60:00

% Time on Ice - PORTLAND PIRATES

Lines # - Real PCT - Wanted PCT - Time Play
Normal Forward
1 - 31% - 32% - 14:41
2 - 31% - 31% - 14:46
3 - 29% - 30% - 13:49
4 - 8% - 7% - 3:58
Normal Defense
1 - 34% - 33% - 16:00
2 - 35% - 33% - 16:30
3 - 28% - 28% - 13:16
4 - 3% - 6% - 1:28
PP Forward
1 - 64% - 60% - 3:05
2 - 36% - 40% - 1:45
PP Defense
1 - 67% - 60% - 3:14
2 - 33% - 40% - 1:36
PK Forward
1 - 71% - 60% - 5:38
2 - 29% - 40% - 2:18
PK Defense
1 - 46% - 60% - 3:39
2 - 54% - 40% - 4:17
PK3 Forward
1 - 0% - 60%
2 - 0% - 40%
PK3 Defense
1 - 0% - 60%
2 - 0% - 40%
44 Forward
1 - 0% - 60%
2 - 0% - 40%
44 Defense
1 - 0% - 60%
2 - 0% - 40%
Last Minute Offensive  - 0:00
Last Minute Defensive  - 0:00
Total
Forward - 60:00
Defense - 60:00

Play-by-Play

1st period


0:01 of 1st period - Travis Konecny wins face-off versus Victor Olofsson in neutral zone.
0:11 of 1st period - Icing by Rasmus Ristolainen.
0:12 of 1st period - Travis Konecny wins face-off versus Sean Monahan in PORTLAND PIRATES zone.
0:45 of 1st period - Shot by Gabriel Landeskog.
0:45 of 1st period - Shot Misses the Net.
1:08 of 1st period - Travis Hamonic is hit by Jeff Skinner and loses puck.
1:19 of 1st period - Shot by Brent Burns.
1:19 of 1st period - Stopped by Ben Bishop without a rebound.
1:20 of 1st period - Derek Ryan wins face-off versus Yanni Gourde in PORTLAND PIRATES zone.
1:21 of 1st period - Shot by Barclay Goodrow.
1:21 of 1st period - Stopped by Ben Bishop with a rebound.
1:41 of 1st period - Shot by Chandler Stephenson.
1:41 of 1st period - Deflect By Yanni Gourde.
1:41 of 1st period - Stopped by Alex Stalock with a rebound.
1:43 of 1st period - Shot by Yanni Gourde.
1:43 of 1st period - Deflect By Brett Connolly.
1:43 of 1st period - Goal by Brett Connolly - LAS VEGAS LIZARD KINGS : 0 - PORTLAND PIRATES : 1.
1:44 of 1st period - Ryan Nugent-Hopkins wins face-off versus Pavel Zacha in neutral zone.
1:49 of 1st period - Shot by Ryan Nugent-Hopkins.
1:49 of 1st period - Shot Misses the Net.
1:59 of 1st period - Shot by Pavel Zacha.
1:59 of 1st period - Stopped by Alex Stalock with a rebound.
2:01 of 1st period - Shot by Travis Hamonic.
2:01 of 1st period - Shot Misses the Net.
2:03 of 1st period - Shot by Alec Martinez.
2:03 of 1st period - Deflect By Pavel Zacha.
2:03 of 1st period - Shot Blocked by Ryan Nugent-Hopkins.
2:06 of 1st period - Rickard Rakell is hit by Mirco Mueller and loses puck.
2:09 of 1st period - Shot by Pavel Zacha.
2:09 of 1st period - Stopped by Alex Stalock without a rebound.
2:10 of 1st period - Derek Ryan wins face-off versus Yanni Gourde in LAS VEGAS LIZARD KINGS zone.
2:26 of 1st period - Shot by Derek Ryan.
2:26 of 1st period - Stopped by Ben Bishop without a rebound.
2:27 of 1st period - Ryan Nugent-Hopkins wins face-off versus Adam Erne in PORTLAND PIRATES zone.
2:30 of 1st period - Shot by Victor Olofsson.
2:30 of 1st period - Shot Misses the Net.
2:32 of 1st period - Shot by Ryan Nugent-Hopkins.
2:32 of 1st period - Shot Misses the Net.
2:34 of 1st period - Shot by Ryan Nugent-Hopkins.
2:34 of 1st period - Shot Blocked by Alec Martinez.
3:03 of 1st period - Icing by Alec Martinez.
3:04 of 1st period - Jason Dickinson wins face-off versus Evan Rodrigues in PORTLAND PIRATES zone.
3:55 of 1st period - Shot by Thomas Chabot.
3:55 of 1st period - Stopped by Alex Stalock without a rebound.
3:56 of 1st period - Yanni Gourde wins face-off versus Ryan Nugent-Hopkins in LAS VEGAS LIZARD KINGS zone.
4:23 of 1st period - Shot by Chandler Stephenson.
4:23 of 1st period - Stopped by Alex Stalock without a rebound.
4:24 of 1st period - Pavel Zacha wins face-off versus Derek Ryan in LAS VEGAS LIZARD KINGS zone.
4:25 of 1st period - Shot by Rickard Rakell.
4:25 of 1st period - Deflect By Robert Thomas.
4:25 of 1st period - Shot Blocked by Barclay Goodrow.
4:27 of 1st period - Shot by Robert Thomas.
4:27 of 1st period - Stopped by Alex Stalock with a rebound.
4:29 of 1st period - Shot by Rickard Rakell.
4:29 of 1st period - Stopped by Alex Stalock without a rebound.
4:30 of 1st period - Jonathan Toews wins face-off versus Derek Ryan in LAS VEGAS LIZARD KINGS zone.
4:42 of 1st period - Gabriel Landeskog is hit by Bobby Ryan and loses puck.
5:05 of 1st period - Matt Niskanen is hit by Gabriel Landeskog and loses puck.
5:33 of 1st period - Off-side.
5:34 of 1st period - Yanni Gourde wins face-off versus Ryan Nugent-Hopkins in neutral zone.
5:51 of 1st period - Shot by Victor Olofsson.
5:51 of 1st period - Stopped by Ben Bishop without a rebound.
5:52 of 1st period - Robert Thomas wins face-off versus Sean Monahan in PORTLAND PIRATES zone.
5:52 of 1st period - Robert Thomas is hit by Nino Niederreiter.
6:17 of 1st period - Off-side.
6:18 of 1st period - Ryan Nugent-Hopkins wins face-off versus Yanni Gourde in neutral zone.
6:18 of 1st period - Ryan Nugent-Hopkins is hit by Yanni Gourde.
6:25 of 1st period - Thomas Chabot is hit by Brayden McNabb and loses puck.
6:28 of 1st period - Shot by Yanni Gourde.
6:28 of 1st period - Shot Misses the Net.
6:36 of 1st period - Shot by Brett Connolly.
6:36 of 1st period - Stopped by Alex Stalock without a rebound.
6:37 of 1st period - Sean Monahan wins face-off versus Pavel Zacha in LAS VEGAS LIZARD KINGS zone.
7:22 of 1st period - Shot by Rickard Rakell.
7:22 of 1st period - Stopped by Alex Stalock with a rebound.
7:44 of 1st period - Shot by Brett Connolly.
7:44 of 1st period - Shot Blocked by Matt Niskanen.
8:05 of 1st period - Shot by Yanni Gourde.
8:05 of 1st period - Shot Misses the Net.
8:07 of 1st period - Shot by Chandler Stephenson.
8:07 of 1st period - Deflect By Yanni Gourde.
8:07 of 1st period - Shot Misses the Net.
8:42 of 1st period - Shot by Gabriel Landeskog.
8:42 of 1st period - Stopped by Alex Stalock without a rebound.
8:43 of 1st period - Derek Ryan wins face-off versus Ryan Donato in LAS VEGAS LIZARD KINGS zone.
8:43 of 1st period - Derek Ryan is hit by Adam Erne.
8:53 of 1st period - Shot by Bobby Ryan.
8:53 of 1st period - Shot Misses the Net.
9:03 of 1st period - Shot by Derek Ryan.
9:03 of 1st period - Goal by Derek Ryan - LAS VEGAS LIZARD KINGS : 1 - PORTLAND PIRATES : 1.
9:04 of 1st period - Jonathan Toews wins face-off versus Ryan Nugent-Hopkins in neutral zone.
10:06 of 1st period - Icing by Robert Thomas.
10:07 of 1st period - Derek Ryan wins face-off versus Pavel Zacha in PORTLAND PIRATES zone.
10:10 of 1st period - Shot by Derek Ryan.
10:10 of 1st period - Stopped by Ben Bishop without a rebound.
10:11 of 1st period - Yanni Gourde wins face-off versus Derek Ryan in PORTLAND PIRATES zone.
10:30 of 1st period - Icing by Matt Roy.
10:31 of 1st period - Derek Ryan wins face-off versus Pavel Zacha in LAS VEGAS LIZARD KINGS zone.
10:44 of 1st period - Shot by Bobby Ryan.
10:44 of 1st period - Stopped by Ben Bishop with a rebound.
10:46 of 1st period - Shot by Barclay Goodrow.
10:46 of 1st period - Shot Misses the Net.
10:48 of 1st period - Shot by Barclay Goodrow.
10:48 of 1st period - Stopped by Ben Bishop without a rebound.
10:49 of 1st period - Ryan Nugent-Hopkins wins face-off versus Yanni Gourde in PORTLAND PIRATES zone.
10:56 of 1st period - Shot by Victor Olofsson.
10:56 of 1st period - Shot Misses the Net.
11:31 of 1st period - Icing by Rasmus Ristolainen.
11:32 of 1st period - Derek Ryan wins face-off versus Yanni Gourde in PORTLAND PIRATES zone.
12:11 of 1st period - Shot by Derek Ryan.
12:11 of 1st period - Shot Misses the Net.
12:33 of 1st period - Shot by Robert Thomas.
12:33 of 1st period - Stopped by Alex Stalock without a rebound.
12:34 of 1st period - Jonathan Toews wins face-off versus Ryan Nugent-Hopkins in LAS VEGAS LIZARD KINGS zone.
12:51 of 1st period - Shot by Gabriel Landeskog.
12:51 of 1st period - Shot Blocked by Brent Burns.
12:53 of 1st period - Shot by Jonathan Toews.
12:53 of 1st period - Shot Blocked by Brayden McNabb.
13:17 of 1st period - Shot by Gabriel Landeskog.
13:17 of 1st period - Stopped by Alex Stalock with a rebound.
13:24 of 1st period - Icing by Brent Burns.
13:25 of 1st period - Ryan Nugent-Hopkins wins face-off versus Pavel Zacha in LAS VEGAS LIZARD KINGS zone.
13:25 of 1st period - Ryan Nugent-Hopkins is hit by Pavel Zacha.
13:59 of 1st period - Shot by Sean Monahan.
13:59 of 1st period - Stopped by Ben Bishop without a rebound.
14:00 of 1st period - Yanni Gourde wins face-off versus Drake Caggiula in PORTLAND PIRATES zone.
14:09 of 1st period - Shot by Drake Caggiula.
14:09 of 1st period - Deflect By Evan Rodrigues.
14:09 of 1st period - Shot Misses the Net.
14:11 of 1st period - Shot by Mirco Mueller.
14:11 of 1st period - Stopped by Ben Bishop without a rebound.
14:12 of 1st period - Jonathan Toews wins face-off versus Jeff Skinner in PORTLAND PIRATES zone.
14:44 of 1st period - Shot by Gabriel Landeskog.
14:44 of 1st period - Shot Blocked by John Marino.
14:50 of 1st period - Shot by Jeff Skinner.
14:50 of 1st period - Stopped by Ben Bishop without a rebound.
14:51 of 1st period - Ryan Nugent-Hopkins wins face-off versus Pavel Zacha in PORTLAND PIRATES zone.
14:52 of 1st period - Shot by Victor Olofsson.
14:52 of 1st period - Shot Misses the Net.
14:58 of 1st period - Shot by Victor Olofsson.
14:58 of 1st period - Stopped by Ben Bishop without a rebound.
14:59 of 1st period - Ryan Nugent-Hopkins wins face-off versus Rickard Rakell in PORTLAND PIRATES zone.
15:21 of 1st period - Minor Penalty to Rasmus Ristolainen for Hooking.
15:22 of 1st period - Jason Dickinson wins face-off versus Sean Monahan in PORTLAND PIRATES zone.
16:16 of 1st period - Off-side.
16:17 of 1st period - Chandler Stephenson wins face-off versus Ryan Nugent-Hopkins in neutral zone.
16:57 of 1st period - Shot by Ryan Nugent-Hopkins.
16:57 of 1st period - Stopped by Ben Bishop without a rebound.
16:58 of 1st period - Sean Monahan wins face-off versus Jason Dickinson in PORTLAND PIRATES zone.
17:01 of 1st period - Shot by Brent Burns.
17:01 of 1st period - Shot Blocked by Thomas Chabot.
17:03 of 1st period - Shot by Nino Niederreiter.
17:03 of 1st period - Shot Misses the Net.
17:05 of 1st period - Shot by Nino Niederreiter.
17:05 of 1st period - Stopped by Ben Bishop without a rebound.
17:06 of 1st period - Sean Monahan wins face-off versus Jason Dickinson in PORTLAND PIRATES zone.
17:07 of 1st period - Shot by Brent Burns.
17:07 of 1st period - Stopped by Ben Bishop with a rebound.
17:09 of 1st period - Shot by Brent Burns.
17:09 of 1st period - Stopped by Ben Bishop without a rebound.
17:10 of 1st period - Jason Dickinson wins face-off versus Ryan Nugent-Hopkins in PORTLAND PIRATES zone.
17:25 of 1st period - Shot by Barclay Goodrow.
17:25 of 1st period - Shot Hit the Post.
17:38 of 1st period - Shot by Jonathan Toews.
17:38 of 1st period - Shot Misses the Net.
17:40 of 1st period - Shot by Gabriel Landeskog.
17:40 of 1st period - Stopped by Alex Stalock without a rebound.
17:41 of 1st period - Yanni Gourde wins face-off versus Ryan Nugent-Hopkins in LAS VEGAS LIZARD KINGS zone.
18:23 of 1st period - Shot by Chandler Stephenson.
18:23 of 1st period - Shot Misses the Net.
18:25 of 1st period - Shot by Yanni Gourde.
18:25 of 1st period - Stopped by Alex Stalock without a rebound.
18:26 of 1st period - Sean Monahan wins face-off versus Pavel Zacha in LAS VEGAS LIZARD KINGS zone.
18:33 of 1st period - Shot by Nino Niederreiter.
18:33 of 1st period - Stopped by Ben Bishop without a rebound.
18:34 of 1st period - Jonathan Toews wins face-off versus Derek Ryan in PORTLAND PIRATES zone.
18:34 of 1st period - Jonathan Toews is hit by Bobby Ryan.
18:35 of 1st period - Minor Penalty to Barclay Goodrow for Interference.
18:36 of 1st period - Zemgus Girgensons wins face-off versus Jonathan Toews in LAS VEGAS LIZARD KINGS zone.
18:44 of 1st period - Icing by Jonathan Toews.
18:45 of 1st period - Gabriel Landeskog wins face-off versus Zemgus Girgensons in PORTLAND PIRATES zone.
19:13 of 1st period - Shot by Travis Konecny.
19:13 of 1st period - Goal by Travis Konecny - LAS VEGAS LIZARD KINGS : 1 - PORTLAND PIRATES : 2.
19:14 of 1st period - Ryan Nugent-Hopkins wins face-off versus Pavel Zacha in neutral zone.
19:25 of 1st period - Shot by Ryan Nugent-Hopkins.
19:25 of 1st period - Shot Misses the Net.
19:31 of 1st period - Shot by Pavel Zacha.
19:31 of 1st period - Stopped by Alex Stalock without a rebound.
19:32 of 1st period - Jonathan Toews wins face-off versus Derek Ryan in LAS VEGAS LIZARD KINGS zone.
19:32 of 1st period - Jonathan Toews is hit by Matt Roy.
19:33 of 1st period - Minor Penalty to Mirco Mueller for Cross-checking.
19:34 of 1st period - Jonathan Toews wins face-off versus Barclay Goodrow in LAS VEGAS LIZARD KINGS zone.
19:35 of 1st period - Shot by Thomas Chabot.
19:35 of 1st period - Shot Blocked by Barclay Goodrow.
19:37 of 1st period - Shot by Rasmus Ristolainen.
19:37 of 1st period - Stopped by Alex Stalock without a rebound.
19:38 of 1st period - Jonathan Toews wins face-off versus Barclay Goodrow in LAS VEGAS LIZARD KINGS zone.
19:50 of 1st period - Off-side.
19:51 of 1st period - Pavel Zacha wins face-off versus Barclay Goodrow in neutral zone.
Goals for this period are 1 for LAS VEGAS LIZARD KINGS vs 2 for PORTLAND PIRATES.
Shots for this period are 17 for LAS VEGAS LIZARD KINGS vs 18 for PORTLAND PIRATES.

2nd period


0:01 of 2nd period - Barclay Goodrow wins face-off versus Jonathan Toews in neutral zone.
1:26 of 2nd period - Shot by Robert Thomas.
1:26 of 2nd period - Shot Misses the Net.
2:02 of 2nd period - Shot by Jason Dickinson.
2:02 of 2nd period - Stopped by Alex Stalock without a rebound.
2:03 of 2nd period - Yanni Gourde wins face-off versus Sean Monahan in LAS VEGAS LIZARD KINGS zone.
2:26 of 2nd period - Shot by Brett Connolly.
2:26 of 2nd period - Stopped by Alex Stalock with a rebound.
2:28 of 2nd period - Shot by Brett Connolly.
2:28 of 2nd period - Deflect By Chandler Stephenson.
2:28 of 2nd period - Goal by Chandler Stephenson - LAS VEGAS LIZARD KINGS : 1 - PORTLAND PIRATES : 3.
2:29 of 2nd period - Jonathan Toews wins face-off versus Ryan Nugent-Hopkins in neutral zone.
2:31 of 2nd period - Travis Konecny is hit by Matt Roy and loses puck.
2:49 of 2nd period - Off-side.
2:50 of 2nd period - Pavel Zacha wins face-off versus Derek Ryan in neutral zone.
2:55 of 2nd period - Icing by Barclay Goodrow.
2:56 of 2nd period - Derek Ryan wins face-off versus Travis Konecny in LAS VEGAS LIZARD KINGS zone.
2:56 of 2nd period - Derek Ryan is hit by Gabriel Landeskog.
3:07 of 2nd period - Icing by Brett Pesce.
3:08 of 2nd period - Ryan Nugent-Hopkins wins face-off versus Jonathan Toews in PORTLAND PIRATES zone.
4:29 of 2nd period - Minor Penalty to Bobby Ryan for Holding.
4:30 of 2nd period - Pavel Zacha wins face-off versus Barclay Goodrow in LAS VEGAS LIZARD KINGS zone.
4:58 of 2nd period - Off-side.
4:59 of 2nd period - Barclay Goodrow wins face-off versus Jonathan Toews in neutral zone.
5:16 of 2nd period - Shot by Jonathan Toews.
5:16 of 2nd period - Stopped by Alex Stalock with a rebound.
6:14 of 2nd period - Off-side.
6:15 of 2nd period - Pavel Zacha wins face-off versus Barclay Goodrow in neutral zone.
7:02 of 2nd period - Icing by Jason Dickinson.
7:03 of 2nd period - Jason Dickinson wins face-off versus Sean Monahan in PORTLAND PIRATES zone.
7:14 of 2nd period - Shot by Jason Dickinson.
7:14 of 2nd period - Stopped by Alex Stalock without a rebound.
7:15 of 2nd period - Yanni Gourde wins face-off versus Evan Rodrigues in LAS VEGAS LIZARD KINGS zone.
7:48 of 2nd period - Off-side.
7:49 of 2nd period - Pavel Zacha wins face-off versus Ryan Nugent-Hopkins in neutral zone.
7:58 of 2nd period - Shot by Rickard Rakell.
7:58 of 2nd period - Stopped by Alex Stalock without a rebound.
7:59 of 2nd period - Jonathan Toews wins face-off versus Ryan Nugent-Hopkins in LAS VEGAS LIZARD KINGS zone.
8:00 of 2nd period - Shot by Gabriel Landeskog.
8:00 of 2nd period - Deflect By Travis Konecny.
8:00 of 2nd period - Stopped by Alex Stalock with a rebound.
9:01 of 2nd period - Off-side.
9:02 of 2nd period - Sean Monahan wins face-off versus Pavel Zacha in neutral zone.
9:02 of 2nd period - Brent Burns is hit by Rickard Rakell and loses puck.
9:15 of 2nd period - Shot by Robert Thomas.
9:15 of 2nd period - Stopped by Alex Stalock without a rebound.
9:16 of 2nd period - Derek Ryan wins face-off versus Yanni Gourde in LAS VEGAS LIZARD KINGS zone.
9:33 of 2nd period - Shot by Derek Ryan.
9:33 of 2nd period - Deflect By Barclay Goodrow.
9:33 of 2nd period - Shot Blocked by Brian Dumoulin.
9:43 of 2nd period - Shot by Yanni Gourde.
9:43 of 2nd period - Stopped by Alex Stalock without a rebound.
9:44 of 2nd period - Ryan Nugent-Hopkins wins face-off versus Rickard Rakell in LAS VEGAS LIZARD KINGS zone.
10:40 of 2nd period - Icing by Travis Hamonic.
10:41 of 2nd period - Pavel Zacha wins face-off versus Sean Monahan in PORTLAND PIRATES zone.
10:56 of 2nd period - Sean Monahan is hit by Alec Martinez and loses puck.
11:29 of 2nd period - Sean Monahan is hit by Rasmus Ristolainen and loses puck.
12:06 of 2nd period - Shot by Chandler Stephenson.
12:06 of 2nd period - Shot Blocked by Mirco Mueller.
12:11 of 2nd period - Barclay Goodrow is hit by Rasmus Ristolainen and loses puck.
12:13 of 2nd period - Minor Penalty to Rasmus Ristolainen for High sticking.
12:14 of 2nd period - Ryan Nugent-Hopkins wins face-off versus Jason Dickinson in PORTLAND PIRATES zone.
12:36 of 2nd period - Shot by Brent Burns.
12:36 of 2nd period - Shot Hit the Post.
13:49 of 2nd period - Icing by John Marino.
13:50 of 2nd period - Sean Monahan wins face-off versus Jason Dickinson in LAS VEGAS LIZARD KINGS zone.
14:23 of 2nd period - Shot by Barclay Goodrow.
14:23 of 2nd period - Stopped by Ben Bishop without a rebound.
14:24 of 2nd period - Jonathan Toews wins face-off versus Evan Rodrigues in PORTLAND PIRATES zone.
14:57 of 2nd period - Travis Konecny is hit by Brent Burns and loses puck.
15:00 of 2nd period - Shot by Jonathan Toews.
15:00 of 2nd period - Stopped by Alex Stalock without a rebound.
15:01 of 2nd period - Ryan Nugent-Hopkins wins face-off versus Yanni Gourde in LAS VEGAS LIZARD KINGS zone.
15:01 of 2nd period - Ryan Nugent-Hopkins is hit by Brett Connolly.
15:41 of 2nd period - Icing by Matt Niskanen.
15:42 of 2nd period - Ryan Nugent-Hopkins wins face-off versus Pavel Zacha in LAS VEGAS LIZARD KINGS zone.
16:08 of 2nd period - Shot by Robert Thomas.
16:08 of 2nd period - Shot Misses the Net.
16:16 of 2nd period - Shot by Robert Thomas.
16:16 of 2nd period - Stopped by Alex Stalock without a rebound.
16:17 of 2nd period - Sean Monahan wins face-off versus Jonathan Toews in LAS VEGAS LIZARD KINGS zone.
16:17 of 2nd period - Sean Monahan is hit by Gabriel Landeskog.
16:24 of 2nd period - Sean Monahan is hit by Jonathan Toews and loses puck.
16:43 of 2nd period - Shot by Travis Konecny.
16:43 of 2nd period - Stopped by Alex Stalock with a rebound.
17:05 of 2nd period - Shot by Travis Konecny.
17:05 of 2nd period - Shot Misses the Net.
17:14 of 2nd period - Icing by Sean Monahan.
17:15 of 2nd period - Pavel Zacha wins face-off versus Jeff Skinner in LAS VEGAS LIZARD KINGS zone.
17:16 of 2nd period - Shot by Rickard Rakell.
17:16 of 2nd period - Shot Blocked by Brayden McNabb.
17:22 of 2nd period - Shot by Robert Thomas.
17:22 of 2nd period - Shot Blocked by Brayden McNabb.
17:24 of 2nd period - Shot by Alec Martinez.
17:24 of 2nd period - Shot Misses the Net.
17:36 of 2nd period - Shot by Pavel Zacha.
17:36 of 2nd period - Stopped by Alex Stalock without a rebound.
17:37 of 2nd period - Yanni Gourde wins face-off versus Ryan Nugent-Hopkins in LAS VEGAS LIZARD KINGS zone.
18:08 of 2nd period - Shot by Chandler Stephenson.
18:08 of 2nd period - Stopped by Alex Stalock without a rebound.
18:09 of 2nd period - Derek Ryan wins face-off versus Pavel Zacha in LAS VEGAS LIZARD KINGS zone.
18:14 of 2nd period - Shot by Derek Ryan.
18:14 of 2nd period - Shot Misses the Net.
Goals for this period are 0 for LAS VEGAS LIZARD KINGS vs 1 for PORTLAND PIRATES.
Shots for this period are 1 for LAS VEGAS LIZARD KINGS vs 14 for PORTLAND PIRATES.

3rd period


0:01 of 3rd period - Ryan Nugent-Hopkins wins face-off versus Yanni Gourde in neutral zone.
0:04 of 3rd period - Shot by Victor Olofsson.
0:04 of 3rd period - Shot Blocked by Rasmus Ristolainen.
0:33 of 3rd period - Chandler Stephenson is hit by Brayden McNabb and loses puck.
0:36 of 3rd period - Shot by Rasmus Ristolainen.
0:36 of 3rd period - Stopped by Alex Stalock with a rebound.
0:39 of 3rd period - Chandler Stephenson is hit by Brent Burns and loses puck.
0:57 of 3rd period - Minor Penalty to Bobby Ryan for Holding.
0:58 of 3rd period - Jonathan Toews wins face-off versus Barclay Goodrow in LAS VEGAS LIZARD KINGS zone.
1:11 of 3rd period - Shot by Gabriel Landeskog.
1:11 of 3rd period - Goal by Gabriel Landeskog - LAS VEGAS LIZARD KINGS : 1 - PORTLAND PIRATES : 4.
1:12 of 3rd period - Sean Monahan wins face-off versus Pavel Zacha in neutral zone.
1:36 of 3rd period - Shot by Rickard Rakell.
1:36 of 3rd period - Deflect By Robert Thomas.
1:36 of 3rd period - Shot Blocked by John Marino.
2:23 of 3rd period - Gabriel Landeskog is hit by Brayden McNabb and loses puck.
2:38 of 3rd period - Shot by Gabriel Landeskog.
2:38 of 3rd period - Stopped by Alex Stalock without a rebound.
2:39 of 3rd period - Yanni Gourde wins face-off versus Barclay Goodrow in LAS VEGAS LIZARD KINGS zone.
2:44 of 3rd period - Shot by Brett Connolly.
2:44 of 3rd period - Shot Blocked by Bobby Ryan.
2:59 of 3rd period - Shot by Barclay Goodrow.
2:59 of 3rd period - Shot Misses the Net.
3:00 of 3rd period - Minor Penalty to Rasmus Ristolainen for Slashing.
3:01 of 3rd period - Ryan Nugent-Hopkins wins face-off versus Jason Dickinson in PORTLAND PIRATES zone.
3:19 of 3rd period - Ryan Nugent-Hopkins is hit by Alec Martinez and loses puck.
5:08 of 3rd period - Shot by Derek Ryan.
5:08 of 3rd period - Deflect By Barclay Goodrow.
5:08 of 3rd period - Stopped by Ben Bishop without a rebound.
5:09 of 3rd period - Jonathan Toews wins face-off versus Bobby Ryan in PORTLAND PIRATES zone.
6:07 of 3rd period - Icing by Mirco Mueller.
6:08 of 3rd period - Evan Rodrigues wins face-off versus Yanni Gourde in LAS VEGAS LIZARD KINGS zone.
6:08 of 3rd period - Evan Rodrigues is hit by Chandler Stephenson.
6:31 of 3rd period - Icing by Matt Roy.
6:32 of 3rd period - Zemgus Girgensons wins face-off versus Pavel Zacha in LAS VEGAS LIZARD KINGS zone.
6:40 of 3rd period - Matt Roy is hit by Pavel Zacha and loses puck.
6:58 of 3rd period - Off-side.
6:59 of 3rd period - Yanni Gourde wins face-off versus Ryan Nugent-Hopkins in neutral zone.
7:34 of 3rd period - Shot by Brett Connolly.
7:34 of 3rd period - Stopped by Alex Stalock without a rebound.
7:35 of 3rd period - Sean Monahan wins face-off versus Pavel Zacha in LAS VEGAS LIZARD KINGS zone.
8:04 of 3rd period - Shot by Robert Thomas.
8:04 of 3rd period - Shot Misses the Net.
8:17 of 3rd period - Minor Penalty to Pavel Zacha for Tripping.
8:18 of 3rd period - Ryan Nugent-Hopkins wins face-off versus Jason Dickinson in PORTLAND PIRATES zone.
9:23 of 3rd period - Off-side.
9:24 of 3rd period - Sean Monahan wins face-off versus Travis Konecny in neutral zone.
9:37 of 3rd period - Shot by Jeff Skinner.
9:37 of 3rd period - Stopped by Ben Bishop without a rebound.
9:38 of 3rd period - Chandler Stephenson wins face-off versus Sean Monahan in PORTLAND PIRATES zone.
10:14 of 3rd period - Shot by Sean Monahan.
10:14 of 3rd period - Stopped by Ben Bishop without a rebound.
10:15 of 3rd period - Chandler Stephenson wins face-off versus Victor Olofsson in PORTLAND PIRATES zone.
10:27 of 3rd period - Icing by Rasmus Ristolainen.
10:28 of 3rd period - Ryan Nugent-Hopkins wins face-off versus Yanni Gourde in PORTLAND PIRATES zone.
10:41 of 3rd period - Shot by Chandler Stephenson.
10:41 of 3rd period - Stopped by Alex Stalock without a rebound.
10:42 of 3rd period - Jonathan Toews wins face-off versus Derek Ryan in LAS VEGAS LIZARD KINGS zone.
10:42 of 3rd period - Jonathan Toews is hit by Matt Niskanen.
10:46 of 3rd period - Shot by Gabriel Landeskog.
10:46 of 3rd period - Shot Blocked by Matt Niskanen.
11:04 of 3rd period - Shot by Jonathan Toews.
11:04 of 3rd period - Deflect By Travis Konecny.
11:04 of 3rd period - Goal by Travis Konecny - LAS VEGAS LIZARD KINGS : 1 - PORTLAND PIRATES : 5.
11:05 of 3rd period - Pavel Zacha wins face-off versus Ryan Nugent-Hopkins in neutral zone.
11:13 of 3rd period - Ryan Nugent-Hopkins is hit by Rasmus Ristolainen and loses puck.
11:45 of 3rd period - Ryan Nugent-Hopkins is hit by Rasmus Ristolainen and loses puck.
12:14 of 3rd period - Icing by Jonathan Toews.
12:15 of 3rd period - Derek Ryan wins face-off versus Gabriel Landeskog in PORTLAND PIRATES zone.
12:32 of 3rd period - Shot by Bobby Ryan.
12:32 of 3rd period - Stopped by Ben Bishop without a rebound.
12:33 of 3rd period - Sean Monahan wins face-off versus Yanni Gourde in PORTLAND PIRATES zone.
12:33 of 3rd period - Jeff Skinner is hit by Brian Dumoulin.
12:41 of 3rd period - Shot by Sean Monahan.
12:41 of 3rd period - Shot Misses the Net.
12:44 of 3rd period - Icing by Brian Dumoulin.
12:45 of 3rd period - Yanni Gourde wins face-off versus Derek Ryan in PORTLAND PIRATES zone.
12:53 of 3rd period - Barclay Goodrow is hit by Thomas Chabot and loses puck.
13:05 of 3rd period - Shot by Brett Connolly.
13:05 of 3rd period - Shot Misses the Net.
13:07 of 3rd period - Shot by Chandler Stephenson.
13:07 of 3rd period - Shot Hit the Post.
13:17 of 3rd period - Shot by Brett Connolly.
13:17 of 3rd period - Stopped by Alex Stalock without a rebound.
13:18 of 3rd period - Jonathan Toews wins face-off versus Ryan Nugent-Hopkins in LAS VEGAS LIZARD KINGS zone.
13:46 of 3rd period - Shot by Brent Burns.
13:46 of 3rd period - Stopped by Ben Bishop without a rebound.
13:47 of 3rd period - Pavel Zacha wins face-off versus Sean Monahan in PORTLAND PIRATES zone.
13:47 of 3rd period - Pavel Zacha is hit by Sean Monahan.
13:55 of 3rd period - Shot by Robert Thomas.
13:55 of 3rd period - Shot Misses the Net.
13:57 of 3rd period - Shot by Brett Pesce.
13:57 of 3rd period - Stopped by Alex Stalock without a rebound.
13:58 of 3rd period - Derek Ryan wins face-off versus Yanni Gourde in LAS VEGAS LIZARD KINGS zone.
14:15 of 3rd period - Shot by Barclay Goodrow.
14:15 of 3rd period - Stopped by Ben Bishop with a rebound.
14:25 of 3rd period - Shot by Barclay Goodrow.
14:25 of 3rd period - Stopped by Ben Bishop without a rebound.
14:26 of 3rd period - Jonathan Toews wins face-off versus Ryan Nugent-Hopkins in PORTLAND PIRATES zone.
15:25 of 3rd period - Icing by Travis Hamonic.
15:26 of 3rd period - Jonathan Toews wins face-off versus Sean Monahan in PORTLAND PIRATES zone.
15:30 of 3rd period - Icing by Travis Konecny.
15:31 of 3rd period - Sean Monahan wins face-off versus Jonathan Toews in PORTLAND PIRATES zone.
15:53 of 3rd period - Shot by Robert Thomas.
15:53 of 3rd period - Shot Misses the Net.
16:16 of 3rd period - Shot by Sean Monahan.
16:16 of 3rd period - Stopped by Ben Bishop without a rebound.
16:17 of 3rd period - Yanni Gourde wins face-off versus Johnny Gaudreau in PORTLAND PIRATES zone.
16:22 of 3rd period - Brent Burns is hit by Brett Connolly and loses puck.
17:37 of 3rd period - Shot by Bobby Ryan.
17:37 of 3rd period - Stopped by Ben Bishop with a rebound.
17:54 of 3rd period - Derek Ryan is hit by Rasmus Ristolainen and loses puck.
18:08 of 3rd period - Off-side.
18:09 of 3rd period - Pavel Zacha wins face-off versus Sean Monahan in neutral zone.
18:27 of 3rd period - Rickard Rakell is hit by Jeff Skinner and loses puck.
18:46 of 3rd period - Jeff Skinner is hit by Alec Martinez and loses puck.
19:16 of 3rd period - Shot by Ryan Nugent-Hopkins.
19:16 of 3rd period - Shot Misses the Net.
19:18 of 3rd period - Shot by Brent Burns.
19:18 of 3rd period - Deflect By Ryan Nugent-Hopkins.
19:18 of 3rd period - Stopped by Ben Bishop without a rebound.
19:19 of 3rd period - Derek Ryan wins face-off versus Jonathan Toews in PORTLAND PIRATES zone.
19:42 of 3rd period - Shot by Jonathan Toews.
19:42 of 3rd period - Shot Misses the Net.
19:44 of 3rd period - Shot by Travis Konecny.
19:44 of 3rd period - Stopped by Alex Stalock without a rebound.
19:45 of 3rd period - Yanni Gourde wins face-off versus Ryan Nugent-Hopkins in LAS VEGAS LIZARD KINGS zone.
19:48 of 3rd period - Shot by Brett Connolly.
19:48 of 3rd period - Shot Blocked by Brent Burns.
Goals for this period are 0 for LAS VEGAS LIZARD KINGS vs 2 for PORTLAND PIRATES.
Shots for this period are 10 for LAS VEGAS LIZARD KINGS vs 9 for PORTLAND PIRATES.


JOHNNY
GAUDREAU
MATTHEW
BOLDY
OWEN
TIPPETT

EAST COAST

HOCKEY LEAGUE

  • 29.PIT6MAN7
  • 30.ATL6NHW2
  • 31.WOR4PET3
  • 32.3RHI4
  • 33.CHIQUE
  • 34.LIMCHA
  • 35.LONTRV
  • 36.BALCHW